 Dungeon Crawl Stone Soup version 0.30-a0-169-g06f667207d (webtiles) character file.

Game seed: 11892573030537746534

258 qw the Shield-Bearer (level 6, -4/37 HPs)
             Began as a Gargoyle Fighter on Sept 29, 2022.
             Was an Initiate of Okawaru.
             Slain by an ogre
             ... wielding a +0 giant club
              (9 damage)
             ... on level 4 of the Dungeon.
             The game lasted 00:01:07 (3979 turns).

qw the Shield-Bearer (Gargoyle Fighter)             Turns: 3979, Time: 00:01:07

Health: -4/37      AC: 13    Str: 21    XL:     6   Next: 16%
Magic:  6/6        EV:  8    Int:  9    God:    Okawaru [......]
Gold:   93         SH:  8    Dex:  9    Spells: 5/5 levels left

rFire   . . .      SeeInvis .    Y - +1 war axe
rCold   . . .      Faith    .    e - +0 kite shield
rNeg    + . .      Spirit   .    b - +0 scale mail
rPois   inf        Reflect  .    c - +1 hat "Ethax" {+Inv}
rElec   +          Harm     .    a - +0 cloak
rCorr   .          Rampage  .    (no gloves)
Will    .....                    (no boots)
Stlth   ..........               h - amulet of the acrobat
HPRegen 0.12/turn                (no ring)
MPRegen 0.10/turn                (no ring)

@: no status effects
A: sickness immunity, AC +4, negative energy resistance 1, electricity
resistance, torment resistance 1, petrification resistance
a: Renounce Religion, Evoke Invisibility


You were on level 4 of the Dungeon.
You worshipped Okawaru.
Okawaru was noncommittal.
You visited 2 branches of the dungeon, and saw 5 of its levels.

You collected 113 gold pieces.
You spent 20 gold pieces at shops.


Innate Abilities, Weirdness & Mutations

You are immune to sickness and miasma.
Your stone body is resilient. (AC +4)
You are immune to poison.
You resist negative energy. (rN+)
You are resistant to electric shocks. (rElec)
You are resistant to unholy torment.
You are immune to petrification.


   Skills:
 - Level 3.2 Fighting
 + Level 4.7 Axes
 - Level 3.2 Armour
 - Level 5.0 Shields


You had 5 spell levels left.
You didn't know any spells.
Your spell library was empty.

Inventory:

Hand Weapons
 m - a +0 flail
 Y - a +1 war axe (weapon)
Armour
 a - a +0 cloak (worn)
 b - a +0 scale mail (worn)
 c - the +1 hat "Ethax" (worn) {+Inv}
   (You acquired it on level 3 of the Dungeon)

   +Inv:      It lets you turn invisible.
 e - a +0 kite shield (worn)
 n - a +0 helmet
Jewellery
 h - an amulet of the acrobat (around neck)
Scrolls
 f - a scroll of amnesia {unknown}
 j - a scroll of identify
 l - a scroll of enchant armour {unknown}
Potions
 d - 5 potions of might
 g - a potion of mutation
 i - a potion of berserk rage {unknown}
 k - a potion of lignification

Dungeon Overview and Level Annotations

Branches:
Dungeon (4/15)             Temple (1/1) D:4

Altars:
Ashenzari
Dithmenos
Elyvilon
Fedhas
Gozag
Nemelex Xobeh
Okawaru
Ru
Sif Muna
Trog
Uskayaw
Vehumet
Zin
The Shining One

Shops:
D:2 ?


Message History

There is an open door here.
You see here a +0 trident.
Things that are here:
a +0 ring mail; a +0 club; a +0 trident
Found a stone staircase leading down.
l - a scroll labelled OMIOQA QIXE An endoplasm comes into view.
The endoplasm quivers.
You slash the endoplasm!
You kill the endoplasm!
Okawaru accepts your kill.
n - a +0 helmet You open the door.
Found a stone staircase leading down.
There is an open door here.
Enter note: You open the door.
There is an open door here.
Found an escape hatch in the floor.
Found a scroll of fear.
You see here a scroll of fear.
You now have 83 gold pieces (gained 15).
As you open the door, it creaks loudly!
There is an open door here.
There is an open door here.
You now have 93 gold pieces (gained 10).
An ogre comes into view. It is wielding a +0 giant club.
The ogre shouts!
Enter note: You hit the ogre.
The ogre is lightly wounded.
The ogre barely misses you.
You hit the ogre.
The ogre is lightly wounded.
The ogre hits you with a +0 giant club!!
Ouch! That really hurt!
You barely miss the ogre.
The ogre is lightly wounded.
The ogre hits you with a +0 giant club!
You die...

#.##...##.# ##.
#.........# #.
#####.##### #. ##.# ##'
#..# ##.. #.### ##...
##.#### #.#.## ##....
.......####....####.....
......O@..........'.....
.#.#.#.####....####.....
#. #..#.## ##.... #.
#.#### ##... .. #.# ##..
## #.# ##+ #.# #. #.#
########. #.# #........


You could see an ogre.

Vanquished Creatures
  A scorpion (D:3)
  An orc priest (D:4)
  A hound (D:3)
  Jessica (D:2)
  An orc wizard (D:3)
  An adder (D:2)
  2 worms
  A dart slug (D:2)
  6 orcs
  4 bats
  7 endoplasms
  4 giant cockroaches
  5 goblins
  7 hobgoblins
  2 jackals (D:4)
  3 quokkas
  8 ball pythons
  2 frilled lizards (D:1)
  4 kobolds
  4 rats
65 creatures vanquished.

Notes
Turn   | Place    | Note
-------+----------+-------------------------------------------
     0 | D:1      | qw the Gargoyle Fighter began the quest for the Orb.
     0 | D:1      | Reached XP level 1. HP: 14/14 MP: 1/1
     0 | D:1      | 0 ||| qw: Version: 0.2-a-12-gaebbb33
     0 | D:1      | 0 ||| qw: Game counter: 1319
     0 | D:1      | 0 ||| qw: Always use a shield: true
     0 | D:1      | 0 ||| qw: God list: Okawaru
     0 | D:1      | 0 ||| qw: Allow faded altars: false
     0 | D:1      | 0 ||| qw: Do Orc after D:15 true
     0 | D:1      | 0 ||| qw: Do second Lair branch before Depths: true
     0 | D:1      | 0 ||| qw: Lair rune preference: random
     0 | D:1      | 0 ||| qw: Plans: Normal, Zot:1-4, God:TSO, Crypt, Tomb,
                  | Pan, Slime:5, Hells, Abyss, Orb
     0 | D:1      | 0 ||| PLANNING D:1-11
   128 | D:1      | Reached XP level 2. HP: 19/19 MP: 2/2
   297 | D:1      | 297 ||| Stepping ~*~*~tactically~*~*~ (stealth).
   350 | D:1      | 350 ||| Stepping ~*~*~tactically~*~*~ (stealth).
   642 | D:1      | Reached skill level 3 in Axes
   692 | D:1      | 692 ||| Stepping ~*~*~tactically~*~*~ (stealth).
   703 | D:1      | Reached XP level 3. HP: 18/23 MP: 3/3
   805 | D:1      | 805 ||| Stepping ~*~*~tactically~*~*~ (stealth).
   818 | D:1      | 818 ||| Stepping ~*~*~tactically~*~*~ (stealth).
  1031 | D:1      | 1031 ||| UPGRADING to amulet of the acrobat.
  1036 | D:1      | 1036 ||| READING scroll labelled TEVIFA BIPUE.
  1037 | D:1      | 1037 ||| READING scroll labelled CILO DIUREBEEMUE.
  1042 | D:1      | 1042 ||| READING scroll labelled VOESEH IDOWASK.
  1043 | D:1      | 1043 ||| READING 2 scrolls labelled YHI TOICIEPOWY.
  1106 | D:2      | Noticed Jessica
  1109 | D:2      | Killed Jessica
  1110 | D:2      | Reached XP level 4. HP: 18/28 MP: 4/4
  1457 | D:2      | Found Jaezehos's Magic Scroll Shoppe.
  1463 | D:2      | 1463 ||| SHOPLISTING scroll of brand weapon (95 gold, have
                  | 35).
  1463 | D:2      | 1463 ||| BUYING scroll of identify (20 gold).
  1463 | D:2      | Bought a scroll of identify for 20 gold pieces
  1463 | D:2      | 1463 ||| SHOPLISTING scroll of identify (20 gold, have 15).
  1463 | D:2      | 1463 ||| SHOPLISTING scroll of teleportation (30 gold, have
                  | 15).
  1835 | D:2      | 1835 ||| Stepping ~*~*~tactically~*~*~ (stealth).
  1837 | D:2      | 1837 ||| Stepping ~*~*~tactically~*~*~ (stealth).
  1850 | D:2      | Found an opulent altar of Gozag.
  2108 | D:2      | 2108 ||| UPGRADING to +0 cloak.
  2113 | D:2      | 2113 ||| READING scroll labelled DOROUTEBAI.
  2114 | D:2      | 2114 ||| READING 4 scrolls of identify.
  2114 | D:2      | 2114 ||| IDENTIFYING fuming coppery potion
  2115 | D:2      | 2115 ||| READING 3 scrolls of identify.
  2115 | D:2      | 2115 ||| IDENTIFYING smoky ruby potion
  2116 | D:2      | 2116 ||| DROPPING potion of flight.
  2117 | D:2      | 2117 ||| DROPPING potion of brilliance.
  2560 | D:3      | Reached XP level 5. HP: 32/32 MP: 5/5
  2667 | D:3      | 2667 ||| DROPPING +0 club.
  2811 | D:3      | 2811 ||| Stepping ~*~*~tactically~*~*~ (stealth).
  2812 | D:3      | 2812 ||| Stepping ~*~*~tactically~*~*~ (stealth).
  3202 | D:3      | 3202 ||| UPGRADING to +0 kite shield.
  3212 | D:3      | 3212 ||| DROPPING +0 buckler.
  3213 | D:3      | 3213 ||| READING scroll labelled EPLAH HOIMYD.
  3213 | D:3      | Identified a scroll of acquirement
  3213 | D:3      | 3213 ||| ACQUIRING +1 hat "Ethax" {+Inv}
  3213 | D:3      | Acquired the +1 hat "Ethax" {+Inv}
  3215 | D:3      | 3215 ||| UPGRADING to +1 hat "Ethax" {+Inv}.
  3220 | D:3      | 3220 ||| DRINKING 2 pink potions.
  3256 | D:3      | 3256 ||| READING 2 scrolls of identify.
  3256 | D:3      | 3256 ||| IDENTIFYING bubbling sapphire potion
  3273 | D:4      | 3273 ||| FLEEEEING.
  3274 | D:4      | 3274 ||| FLEEEEING.
  3275 | D:4      | 3275 ||| STAIRDANCE
  3293 | D:3      | Reached skill level 4 in Shields
  3436 | D:4      | 3436 ||| STAIRDANCE
  3447 | D:3      | Reached skill level 5 in Shields
  3447 | D:3      | Reached XP level 6. HP: 32/37 MP: 6/6
  3562 | D:4      | Found a staircase to the Ecumenical Temple.
  3563 | D:4      | 3563 ||| PLANNING TEMPLE
  3568 | D:4      | 3568 ||| Stepping ~*~*~tactically~*~*~ (stealth).
  3576 | Temple   | Entered the Ecumenical Temple
  3578 | Temple   | 3578 ||| PLANNING OKAWARU WORSHIP
  3627 | Temple   | Became a worshipper of Warmaster Okawaru
  3628 | Temple   | 3628 ||| PLANNING D:1-11
  3978 | D:4      | HP: 5/37 [ogre/+0 giant club (32)]
  3979 | D:4      | Slain by an ogre

Levels and vault maps discovered:
D:1:      dpeg_arrival_shelter, layout_loops_cross,
          shapermc_ecumenical_altar_petra
D:2:      layout_loops_corners, serial_shops, shop_scrolls, basic_altar,
          grunt_ministairs_14, uniq_jessica
D:3:      layout_basic
D:4:      layout_loops_corners, minmay_temple_entry_mini_moons
Temple:   cyrus_circular_temple

Skill      XL: |  1  2  3  4  5 |
---------------+----------------+-----
Axes           | 2 3 4 |  4.7
Shields        | 5 |  5.0
Fighting       | |  3.2
Armour         | |  3.2

Action                   |  1- 3 |  4- 6 || total
-------------------------+-------+-------++-------
Melee: War axe           |    66 |   132 ||   198
  Use: Scroll            |     4 |     5 ||     9
       Potion            |       |     1 ||     1
Armor: Scale mail        |    23 |    69 ||    92
Dodge: Dodged            |    26 |    53 ||    79
Block: Buckler           |     6 |    12 ||    18
       Kite shield       |       |    12 ||    12

Table legend:
 A = Non-vault XP
 B = Vault XP
 C = Vault XP percentage of total XP
 D = Non-vault monster count
 E = Vault monster count
 F = Vault count percentage of total count
                 A         B        C        D         E       F
            +---------+---------+-------+---------+---------+-------
      Total |     329 |      40 |  10.8 |      62 |       3 |   4.6
            +---------+---------+-------+---------+---------+-------
        D:1 |      40 |       0 |   0.0 |      24 |       0 |   0.0
        D:2 |      35 |      40 |  53.3 |      11 |       3 |  21.4
        D:3 |     195 |       0 |   0.0 |      19 |       0 |   0.0
        D:4 |      59 |       0 |   0.0 |       8 |       0 |   0.0
            +---------+---------+-------+---------+---------+-------
